 Dungeon Crawl Stone Soup version 0.28-a0-906-g0406aca7d3 (webtiles) character file.

Game seed: 17228774420870622268

207 mainiacjoe the Chiller (level 5, -1/28 HPs)
             Began as a Gargoyle Ice Elementalist on Nov 23, 2021.
             Slain by a white imp (2 damage)
             ... on level 3 of the Dungeon.
             The game lasted 00:12:56 (3511 turns).

mainiacjoe the Chiller (Gargoyle Ice Elementalist)  Turns: 3511, Time: 00:12:56

Health: -1/28      AC: 12    Str: 11    XL:     5   Next: 85%
Magic:  9/9        EV: 12    Int: 17    God:
Gold:   102        SH:  0    Dex: 16    Spells: 2/10 levels left

rFire   + . .      SeeInvis .   a - +1 dagger (flame)
rCold   + . .      Faith    .   (no shield)
rNeg    + . .      Spirit   .   o - +0 robe
rPois   ∞          Reflect  .   (no helmet)
rElec   +          Harm     .   (no cloak)
rCorr   +          Rampage  .   (no gloves)
Will    .....                   (no boots)
Stlth   +++.......              (no amulet)
HPRegen 0.09/turn               d - +6 ring of dexterity
MPRegen 0.11/turn               (no ring)

@: brilliant, ice-armoured, resistant, attractive
A: sickness immunity, AC +4, negative energy resistance 1, electricity
resistance, torment resistance 1, petrification resistance
a: no special abilities


You were on level 3 of the Dungeon.
You visited 1 branch of the dungeon, and saw 3 of its levels.

You collected 102 gold pieces.

Inventory:

Hand Weapons
 a - a +1 dagger of flaming (weapon)
 c - a +0 dagger
Missiles
 b - 12 sling bullets
 i - 53 arrows
 n - 25 stones (quivered)
Armour
 o - a +0 robe (worn)
Magical Staves
 h - a staff of air
Jewellery
 d - a +6 ring of dexterity (left hand)
Scrolls
 e - a scroll of teleportation {unknown}
 g - a scroll of identify {unknown}
 k - a scroll of noise {unknown}


   Skills:
 - Level 1.5 Dodging
 + Level 4.0 Stealth
 - Level 3.0 Spellcasting
 - Level 5.5 Ice Magic
 * Level 0.7 Air Magic


You had 2 spell levels left.
You knew the following spells:

 Your Spells              Type           Power      Damage    Failure   Level
a - Freeze                Ice            100%       1d11      1%          1
b - Frozen Ramparts       Ice            64%        1d8       5%          3
c - Ozocubu's Armour      Ice            32%        N/A       5%          3
d - Shock                 Conj/Air       20%        1d4       16%         1

Your spell library contained the following spells:

 Spells                   Type           Power      Damage    Failure   Level
 Swiftness                Air            7%         N/A       36%         3
 Mephitic Cloud           Conj/Pois/Air  4%         N/A       43%         3
 Ignite Poison            Fire/Tmut/Pois 3%         N/A       45%         3
 Stone Arrow              Conj/Erth      6%         3d7       45%         3
 Hailstorm                Conj/Ice       18%        3d6       50%         4
 Airstrike                Air            3%         N/A       78%         4
 Animate Armour           Summ/Erth      6%         N/A       86%         4
 Freezing Cloud           Conj/Ice/Air   7%         6-21      90%         5
 Lehudib's Crystal Spear  Conj/Erth      1%         10d2      100%        8


Dungeon Overview and Level Annotations

Branches:
Dungeon (3/15)

Altars:
Trog


Innate Abilities, Weirdness & Mutations

You are immune to sickness and miasma.
Your stone body is resilient. (AC +4)
You are immune to poison.
You resist negative energy. (rN+)
You are resistant to electric shocks. (rElec)
You are resistant to unholy torment.
You are immune to petrification.


Message History

Aim: a white imp (lightly wounded, 59% to hit)
You throw a stone.
The stone hits the white imp but does no damage.
The white imp is lightly wounded.
Throw: 26 stones
Press: ? - help, Q - select action, (/) - cycle Shift-Dir - straight line, f/p - white imp
Aim: a white imp (lightly wounded, 59% to hit)
You throw a stone.
The stone hits the white imp but does no damage.
The white imp is lightly wounded.
The frozen ramparts melt away.
You barely miss the white imp.
The white imp is lightly wounded.
The white imp hits you. The white imp freezes you.
* * * LOW HITPOINT WARNING * * *
It was a potion of brilliance.
You feel clever all of a sudden. The white imp misses you.
It was a potion of magic.
Magic courses through your body.
The white imp hits you but does no damage.
Okay, then.
It was a potion of attraction.
You feel attractive to monsters. The white imp gestures at you.
The puff of frost misses you.
It was a potion of resistance.
You feel protected. The white imp gestures at you. The puff of frost hits you.
You resist.
* * * LOW HITPOINT WARNING * * *
Unknown command.
You closely miss the white imp.
The white imp is lightly wounded.
The white imp hits you but does no damage.
You closely miss the white imp.
The white imp is lightly wounded.
The white imp hits you.
* * * LOW HITPOINT WARNING * * *
The white imp freezes you. You resist.
You die...

..............#
..............#
..............#
.............####
............##..#
...........##.)_#
..........##....#
.........##.).#
........##.@5#
........#...#∩#
...........## (.
.....#....## (#
.#####...## #
..#### ... .....
.....


You could see a white imp.

Vanquished Creatures
  3 orc priests (D:2)
  Terence (D:3)
  An orc wizard (D:2)
  A gnoll (D:2)
  A worm (D:2)
  2 dart slugs
  An orc (D:2)
  7 ball pythons
  5 endoplasms
  2 giant cockroaches
  3 goblins
  5 hobgoblins
  10 jackals
  2 quokkas
  A bat (D:1)
  A frilled lizard (D:2)
  A kobold (D:2)
  5 rats
52 creatures vanquished.

Notes
Turn   | Place    | Note
-------+----------+-------------------------------------------
     0 | D:1      | mainiacjoe the Gargoyle Ice Elementalist began the quest
                  | for the Orb.
     0 | D:1      | Reached XP level 1. HP: 10/10 MP: 3/3
    18 | D:1      | Noticed an electric eel
   470 | D:1      | Reached XP level 2. HP: 7/15 MP: 0/5
  1316 | D:1      | Reached XP level 3. HP: 17/19 MP: 6/6
  1942 | D:2      | Learned a level 3 spell: Frozen Ramparts
  2515 | D:2      | Reached XP level 4. HP: 17/24 MP: 0/7
  2598 | D:2      | Reached skill level 5 in Ice Magic
  2656 | D:2      | Learned a level 3 spell: Ozocubu's Armour
  2668 | D:2      | Reached XP level 5. HP: 27/28 MP: 0/9
  3461 | D:3      | Learned a level 1 spell: Shock
  3492 | D:3      | Noticed Terence
  3493 | D:3      | Found a bloodstained altar of Trog.
  3500 | D:3      | Killed Terence
  3509 | D:3      | HP: 1/28 [white imp/puff of frost (3)]
  3511 | D:3      | Slain by a white imp

Illustrated notes

Levels and vault maps discovered:
D:1:      arrival_aquarium_a, layout_basic, minmay_tetromino_t4
D:2:      layout_loops_ring, cheibrodos_gnoll_hut
D:3:      cheibrodos_old_hovel, layout_basic,
          nzn_overflow_gifts_of_might_and_magic, basic_ecumenical_altar,
          lemuel_flame_loot_1

Skill      XL: |  1  2  3  4  5 |
---------------+----------------+-----
Stealth        | 3 4 |  4.0
Ice Magic      | 5 |  5.5
Spellcasting   | 3 |  3.0
Dodging        | |  1.5
Air Magic      | |  0.7

Action                   |  1- 3 |  4- 6 || total
-------------------------+-------+-------++-------
Melee: Dagger            |   112 |    25 ||   137
Throw: Stone             |       |     8 ||     8
 Cast: Freeze            |    34 |    14 ||    48
       Frozen Ramparts   |     1 |     3 ||     4
       Shock             |       |     2 ||     2
       Ozocubu's Armour  |       |     1 ||     1
  Use: Potion            |       |     4 ||     4
 Stab: Sleeping          |     6 |       ||     6
Armor: Robe              |    43 |    19 ||    62
Dodge: Dodged            |    91 |    28 ||   119

Table legend: (Time is in decaauts)
 A = Elapsed time spent in this place.
 B = Non-inter-level travel time spent in this place.
 C = Inter-level travel time spent in this place.
 D = Time resting spent in this place.
 E = Time spent auto-exploring this place.
 F = Levels seen in this place.
 G = Mean time per level.
                   A        B        C        D        E       F      G
               +--------+--------+--------+--------+--------+-----+--------+
         Total |   3509 |   3447 |     62 |   1127 |   1755 |   3 | 1169.7 |
       Dungeon |   3509 |   3447 |     62 |   1127 |   1755 |   3 | 1169.7 |
               +--------+--------+--------+--------+--------+-----+--------+

Top non-repeatable levels by time:
     D:1: 1850 daAuts
     D:2: 1606 daAuts
     D:3: 53 daAuts
